Map: Catalyst LE

Players

Infamous - Winner!

  • Race: Protoss Protoss
  • League: Gold
  • Spawn Location: 5:00

Dace

  • Race: Protoss Protoss
  • League: Gold
  • Spawn Location: 11:00

VOD

Have the link to the VOD?

Description

Time

  • Played on: April 12, 2018, 1:50 p.m.
  • Length: 11:14
Show
View Real Time Build Order
Export as new Build Order

Infamous Protoss - Winner!

Build Orders:  

Get SALT Encoding   

  12  0:01  Probe  
  13  0:16  Pylon  
  13  0:18  Probe (Chrono Boost)  
  14  0:34  Gateway  
  14  0:37  Probe  
  15  0:49  Probe  
  16  1:00  Assimilator  
  16  1:03  Probe  
  17  1:15  Probe  
  18  1:18  Gateway  
  18  1:29  Probe  
  18  1:30  Cybernetics Core  
  19  1:37  Zealot (Chrono Boost)  
  21  1:50  Probe  
  22  1:56  Assimilator  
  22  2:01  Pylon  
  22  2:02  Probe  
  23  2:14  Probe, Stalker (Chrono Boost)  
  20  2:21  Pylon  
  22  2:27  Probe  
  23  2:34  Stalker, Warp Gate (Chrono Boost)  
  25  2:39  Probe  
  26  2:48  Stalker  
  28  2:54  Probe  
  29  3:08  Robotics Facility  
  29  3:22  Probe  
  30  3:36  Pylon  
  30  3:39  Probe  
  30  3:40  Stalker x2  
  35  3:59  Observer (Chrono Boost)  
  36  4:05  Probe  
  36  4:06  Pylon  
  37  4:16  Gateway  
  37  4:29  Stargate  
  37  4:52  Nexus  
  37  4:55  Shield Battery  
  37  5:03  Immortal (Chrono Boost)  
  41  5:17  Probe  
  42  5:23  Void Ray  
  46  5:54  Probe  
  47  6:03  Immortal  
  51  6:06  Probe, Void Ray (Chrono Boost)  
  56  6:12  Gateway  
  56  6:18  Probe  
  56  6:24  Probe  
  58  6:30  Probe  
  59  6:36  Probe  
  60  6:41  Stargate  
  60  6:45  Void Ray (Chrono Boost)  
  60  6:46  Stalker  
  66  6:50  Forge  
  66  7:03  Probe  
  66  7:04  Probe  
  68  7:17  Probe (Chrono Boost), Assimilator  
  69  7:25  Pylon  
  69  7:28  Pylon  
  69  7:42  Photon Cannon  
  69  7:43  Immortal (Chrono Boost), Void Ray  
  77  7:45  Shield Battery  
  77  7:47  Shield Battery  
  77  7:48  Probe x2  
  79  8:06  Protoss Air Weapons Level 1 (Chrono Boost)  
  79  8:21  Probe x2, Twilight Council  
  79  8:26  Assimilator  
  81  8:33  Probe  
  84  9:01  Void Ray (Chrono Boost)  
  84  9:03  Observer  
  84  9:08  Blink  
  84  9:39  Void Ray (Chrono Boost)  
  85  10:15  Pylon  
  85  10:17  Pylon  
  85  10:19  Photon Cannon  
  85  10:22  Photon Cannon  
  85  10:31  Probe  
  95  10:35  Probe  
  95  10:45  Pylon, Stalker x2  
  95  10:46  Stalker  
  95  10:47  Pylon  
  95  10:49  Photon Cannon  
  101  10:58  Photon Cannon  
  101  11:02  Pylon  
Show
View Real Time Build Order
Export as new Build Order

Dace Protoss 

Build Orders:  

Get SALT Encoding   

  12  0:01  Probe (Chrono Boost)  
  13  0:11  Probe (Chrono Boost)  
  14  0:19  Pylon  
  14  0:23  Probe  
  15  0:37  Probe  
  15  0:39  Assimilator  
  16  0:46  Forge  
  16  0:49  Probe  
  17  1:01  Pylon  
  17  1:03  Probe  
  18  1:12  Pylon  
  18  1:15  Probe  
  19  1:28  Probe  
  20  1:34  Photon Cannon  
  20  1:37  Photon Cannon  
  20  1:43  Probe  
  20  1:55  Probe  
  21  2:09  Probe  
  22  2:25  Assimilator  
  22  2:34  Photon Cannon  
  22  2:40  Nexus  
  22  2:42  Probe  
  23  2:55  Probe  
  24  3:06  Photon Cannon  
  24  3:11  Gateway  
  24  3:14  Photon Cannon  
  24  3:19  Photon Cannon  
  24  3:32  Photon Cannon  
  24  3:36  Photon Cannon  
  24  3:45  Probe  
  25  3:57  Photon Cannon  
  25  4:02  Cybernetics Core  
  25  4:13  Probe  
  26  4:19  Assimilator  
  26  4:22  Pylon  
  26  4:26  Probe  
  27  4:48  Probe x2  
  29  4:58  Stargate  
  29  5:01  Shield Battery  
  29  5:07  Photon Cannon  
  29  5:11  Photon Cannon  
  29  5:21  Stargate  
  29  5:25  Pylon  
  29  5:28  Probe  
  30  5:29  Probe  
  30  5:35  Pylon  
  28  5:43  Photon Cannon  
  23  6:05  Fleet Beacon  
  23  6:46  Carrier x2 (Chrono Boost)  
  35  6:57  Protoss Air Weapons Level 1 (Chrono Boost)  
  34  7:03  Graviton Catapult  
  34  7:09  Protoss Shields Level 1  
  34  7:24  Pylon  
  34  7:32  Probe  
  35  7:50  Photon Cannon  
  35  7:53  Photon Cannon  
  35  8:04  Mothership (Chrono Boost)  
  43  8:46  Tempest  
  43  9:43  Probe  
  43  9:45  Nexus  
  50  10:13  Photon Cannon  
  50  10:14  Photon Cannon  
  47  10:45  Pylon  
Tags
 
League
GoldGold
Matchup
PvP
Replay Pack
Last Remnant (2)
Spawn Locations
Cross Positions
Add a new tag
Caveats
  • Supply blocks, unpowered buildings, or Contaminate may cause inaccurate times.
  • Supply counts are checked every 10 seconds.